[Event "FIDE World Rapid Chess Championship 2021"]
[White "Mamedyarov, Shakhriyar"]
[Black "Ter-Sahakyan, Samvel"]
[WhiteFideId "13401319"]
[BlackFideId "13302531"]
[WhiteElo "2727"]
[BlackElo "2573"]
[Result "1-0"]
[Round "03"]
[TimeControl "900+10"]
[Date "2021.12.26"]
[WhiteClock "0:01:38"]
[BlackClock "0:00:13"]

1. d4 Nf6 2. Bg5 d5 3. Nd2 Bf5 4. e3 e6 5. g4 Bg6 6. Ngf3 Nbd7 7. Ne5 Qc8 8. Nxg6 hxg6 9. Bg2 Bd6 10. c4 c6 11. Rc1 Qb8 12. Bxf6 Nxf6 13. h3 Bb4 14. Ke2 Bxd2 15. Qxd2 g5 16. b4 a6 17. a4 Qd6 18. Qb2 g6 19. Rc2 Kf8 20. b5 axb5 21. axb5 Kg7 22. c5 Qc7 23. b6 Qb8 24. Rcc1 Ra6 25. Ra1 Qa8 26. Rhc1 Rxa1 27. Rxa1 Qb8 28. Ra7 Qh2 29. Kf1 Rxh3 30. Rxb7 Nxg4 31. Qe2 Nf6 32. Ra7 Rh8 33. Qf3 Rf8 34. Qg3 Qh5 35. Ke1 Qh8 36. Qxg5 Ra8 37. Qe5 Rc8 38. Ke2 1-0


[Site "http://www.Chess.com"]

[Event "FIDE World Rapid Chess Championship 2021"]
[White "Artemiev, Vladislav"]
[Black "Najer, Evgeniy"]
[WhiteFideId "24101605"]
[BlackFideId "4118987"]
[WhiteElo "2714"]
[BlackElo "2565"]
[Result "0-1"]
[Round "03"]
[TimeControl "900+10"]
[Date "2021.12.26"]
[WhiteClock "0:00:00"]
[BlackClock "0:00:33"]

1. c4 e5 2. Nc3 d6 3. g3 f5 4. d4 Be7 5. Nf3 e4 6. Nh4 c6 7. Ng2 Na6 8. h4 Be6 9. d5 Bf7 10. Bf4 Nf6 11. Ne3 g6 12. h5 Rg8 13. hxg6 hxg6 14. dxc6 bxc6 15. Qa4 Nc5 16. Qxc6+ Kf8 17. Ned5 Rc8 18. Qb5 Rb8 19. Bh6+ Rg7 20. Nxe7 Rxb5 21. Nc6 Qb6 22. cxb5 a6 23. Bg5 Nd5 24. Bd8 Qb7 25. Rh8+ Rg8 26. Rxg8+ Bxg8 27. Nxd5 Bxd5 28. Be7+ Ke8 29. Bxd6 Qxb5 30. Rc1 Nb7 31. Na7 Qxb2 32. Bf4 Nd6 33. Bh3 Bc4 34. Kf1 Bxe2+ 35. Kg1 Nc4 36. Nc6 e3 37. Re1 Qd2 38. Rb1 Bf3 39. Bxe3 Nxe3 40. Rb8+ Kf7 41. Ne5+ Kf6 42. Nxf3 Qd1+ 43. Kh2 Qxf3 44. Rb6+ Kg5 45. fxe3 Qf2+ 46. Bg2 Qxa2 47. Kh3 Qe2 48. Bd5 Qxe3 49. Rb3 Qc5 50. Rd3 a5 51. Bb3 Qb5 52. Rf3 a4 53. Ba2 Qb2 54. Bf7 Qb7 0-1


[Site "http://www.Chess.com"]

[Event "FIDE World Rapid Chess Championship 2021"]
[White "Maghsoodloo, Parham"]
[Black "Sargissian, Gabriel"]
[WhiteFideId "12539929"]
[BlackFideId "13300881"]
[WhiteElo "2512"]
[BlackElo "2693"]
[Result "1-0"]
[Round "03"]
[TimeControl "900+10"]
[Date "2021.12.26"]
[WhiteClock "0:03:20"]
[BlackClock "0:01:20"]

1. d4 Nf6 2. c4 e6 3. Nc3 d5 4. cxd5 exd5 5. Bg5 c6 6. e3 h6 7. Bh4 Be7 8. Bd3 O-O 9. Nge2 Re8 10. Qc2 Nbd7 11. Rb1 a5 12. a3 Ne4 13. Bxe7 Qxe7 14. O-O Nd6 15. Ng3 Nf6 16. Rfe1 Be6 17. f3 b5 18. a4 Rac8 19. Rbc1 b4 20. Nce2 Nd7 21. e4 dxe4 22. fxe4 c5 23. e5 Nb7 24. Nf4 Nb6 25. Nxe6 fxe6 26. Bb5 Red8 27. Qg6 Qf7 28. Qxf7+ Kxf7 29. Ba6 Rc7 30. Ne4 c4 31. Bxb7 Rxb7 32. Nd6+ Rxd6 33. exd6 c3 34. bxc3 b3 35. Rf1+ Ke8 36. Rce1 b2 37. Rxe6+ Kd8 38. Re7 Rxe7 39. dxe7+ Kxe7 40. Rb1 Nxa4 41. c4 Ke6 42. Kf1 Kf5 43. c5 Ke6 44. Ke1 Kd5 45. Kd2 Kc4 46. Kc2 Kd5 1-0


[Site "http://www.Chess.com"]

[Event "FIDE World Rapid Chess Championship 2021"]
[White "Korobov, Anton"]
[Black "Kobalia, Mikhail"]
[WhiteFideId "14105730"]
[BlackFideId "4119150"]
[WhiteElo "2689"]
[BlackElo "2543"]
[Result "1-0"]
[Round "03"]
[TimeControl "900+10"]
[Date "2021.12.26"]
[WhiteClock "0:01:28"]
[BlackClock "0:00:30"]

1. d4 d5 2. c4 c6 3. cxd5 cxd5 4. Bf4 e6 5. Nc3 Bd6 6. e3 Bxf4 7. exf4 Qb6 8. Qd2 Nf6 9. Bd3 Bd7 10. Nf3 Nc6 11. Rc1 O-O 12. Na4 Qc7 13. Nc5 Rfd8 14. O-O Be8 15. b4 b6 16. Na6 Qd6 17. a3 Rac8 18. g3 Ne7 19. Rxc8 Rxc8 20. Rc1 Qd8 21. Rxc8 Qxc8 22. Qc2 Ne4 23. Qc7 Kf8 24. Kf1 f6 25. Ke1 Bg6 26. Nh4 Bf7 27. Qxc8+ Nxc8 28. f3 Ned6 29. b5 g6 30. a4 Be8 31. Ng2 Ke7 32. Kd2 Nb7 33. h4 h6 34. Ne3 Na5 35. Kc3 Nd6 36. Ng4 h5 37. Ne3 Nf5 38. Bxf5 gxf5 39. Nb4 Kd6 40. g4 fxg4 41. fxg4 hxg4 42. Nxg4 Ke7 43. Ne3 Bh5 44. f5 Bf3 45. fxe6 Kxe6 46. Nd3 Be4 47. Nf4+ Kd6 48. h5 Nb7 49. Ng4 Ke7 50. Nf2 Nd6 51. Nxe4 dxe4 52. d5 Kf7 53. Kd4 Kg7 54. Ne2 Kh6 55. Ng3 f5 56. Ke5 e3 57. Kf4 e2 58. Nxe2 Kxh5 59. Ke5 Nc4+ 60. Ke6 Kg4 61. d6 1-0


[Site "http://www.Chess.com"]

[Event "FIDE World Rapid Chess Championship 2021"]
[White "Lima, Darcy"]
[Black "Sarana, Alexey"]
[WhiteFideId "2100045"]
[BlackFideId "24133795"]
[WhiteElo "2505"]
[BlackElo "2680"]
[Result "0-1"]
[Round "03"]
[TimeControl "900+10"]
[Date "2021.12.26"]
[WhiteClock "0:01:20"]
[BlackClock "0:03:35"]

1. e4 c5 2. Nf3 d6 3. c3 Nf6 4. Be2 g6 5. O-O Bg7 6. d3 O-O 7. Nbd2 Nc6 8. a3 a5 9. a4 e5 10. Re1 h6 11. Bf1 Be6 12. Nc4 Qc7 13. h3 d5 14. exd5 Nxd5 15. Bd2 Kh7 16. Qc2 Rfe8 17. g3 Rad8 18. Rad1 Nb6 19. Na3 Qd7 20. Kh2 Bd5 21. Bg2 Qe6 22. Ra1 Bb3 23. Qb1 Qf5 24. Be3 Qxd3 25. Qxd3 Rxd3 26. Nd2 Be6 27. Nb5 f5 28. Nc7 Re7 29. Nxe6 Rxe6 30. Nb3 Nd7 31. Nxc5 Nxc5 32. Bxc5 e4 33. Rad1 Ne5 34. Kg1 h5 35. Kf1 Bf6 36. Bd4 Rxd1 37. Rxd1 Nd3 38. Be3 Nxb2 39. Rb1 Bxc3 40. Bd2 Bg7 41. Bxa5 Ra6 42. Bd2 Rxa4 43. f3 b5 44. fxe4 fxe4 45. Re1 Nc4 46. Bf4 Bh6 47. Rxe4 Bxf4 48. Re7+ Kh6 49. gxf4 Nd6 50. Re6 Rxf4+ 51. Ke2 Nf5 52. Rb6 b4 53. Bd5 Kg7 54. Ke1 g5 55. Re6 g4 56. hxg4 hxg4 57. Be4 Nd4 0-1


[Site "http://www.Chess.com"]

[Event "FIDE World Rapid Chess Championship 2021"]
[White "Heberla, Bartlomiej"]
[Black "Svane, Rasmus"]
[WhiteFideId "1115120"]
[BlackFideId "4657101"]
[WhiteElo "2437"]
[BlackElo "2677"]
[Result "0-1"]
[Round "03"]
[TimeControl "900+10"]
[Date "2021.12.26"]
[WhiteClock "0:00:00"]
[BlackClock "0:00:53"]

1. d4 Nf6 2. Nf3 d5 3. c4 e6 4. Nc3 Be7 5. Bg5 h6 6. Bh4 dxc4 7. e3 c5 8. dxc5 Qxd1+ 9. Rxd1 Nbd7 10. Bxc4 Nxc5 11. Ne5 a6 12. Be2 Nfd7 13. Bxe7 Kxe7 14. Nc4 b6 15. Bf3 Ra7 16. b4 Nb7 17. a4 a5 18. Nb5 Ra6 19. Nc7 Ra7 20. Nb5 Ra6 21. Rxd7+ Kxd7 22. Ne5+ Ke7 23. Nc6+ Kf6 24. Nc7 Nd8 25. b5 Nxc6 26. bxa6 Bd7 27. Ke2 Na7 28. Rb1 Rb8 29. Na8 Bxa4 30. Nxb6 Kg6 31. Bb7 Bb5+ 32. Ke1 f5 33. Rc1 Bxa6 34. Bxa6 Rxb6 35. Bc4 Kf6 36. Ra1 Nc6 37. Be2 Rb2 38. Kd1 g5 39. Bf3 Nb4 40. Be2 Na2 41. Ke1 a4 42. Bc4 Nc3 43. Ra3 Rb1+ 44. Kd2 Ne4+ 45. Kc2 Rb4 46. Be2 Nxf2 47. Kc3 Re4 48. Kd2 Ng4 49. h3 Ne5 50. Bb5 Nc4+ 51. Bxc4 Rxc4 52. Kd3 Rb4 53. Ke2 h5 54. Kf3 g4+ 55. hxg4 hxg4+ 56. Kf2 Rb2+ 57. Kg3 Rb4 58. Ra2 Ke5 59. Kf2 Kd5 0-1


[Site "http://www.Chess.com"]

[Event "FIDE World Rapid Chess Championship 2021"]
[White "Paravyan, David"]
[Black "Michalik, Peter"]
[WhiteFideId "4194985"]
[BlackFideId "14907526"]
[WhiteElo "2671"]
[BlackElo "2515"]
[Result "1/2-1/2"]
[Round "03"]
[TimeControl "900+10"]
[Date "2021.12.26"]
[WhiteClock "0:00:55"]
[BlackClock "0:00:24"]

1. e4 e5 2. Nf3 Nc6 3. Nc3 Nf6 4. d4 exd4 5. Nxd4 Bb4 6. Nxc6 bxc6 7. Bd3 O-O 8. O-O d5 9. exd5 Bg4 10. f3 Bh5 11. dxc6 Qd4+ 12. Kh1 Bxc3 13. bxc3 Qxc3 14. Bf4 Qxc6 15. Qe2 Rfe8 16. Bb5 Rxe2 17. Bxc6 Rb8 18. a4 Rxc2 19. Rfc1 Bg6 20. a5 Rb4 21. Rxc2 Bxc2 22. Bd2 Rd4 23. Be3 Rd6 24. Bb7 a6 25. Rc1 Ba4 26. Rxc7 h5 27. h4 Bb5 28. Rc5 Rd1+ 29. Kh2 Rb1 30. Bd4 Rb4 31. Bf2 Rb2 32. Kg3 Ra2 33. Rc8+ Kh7 34. Rc7 Kg6 35. Rc5 Rxa5 36. Bc8 Ra3 37. Bf5+ Kh6 38. Bd4 g6 39. Bc2 Ne8 40. Re5 Ng7 41. Bc5 Rc3 42. Bb1 Bd3 43. Bxd3 Rxd3 44. Bf8 Rd8 45. Bxg7+ Kxg7 46. Ra5 Rd6 47. Kf4 Rf6+ 48. Ke4 Kf8 49. g4 hxg4 50. fxg4 Kg7 51. Ke3 Rb6 52. Kf4 Kh6 53. Rc5 Rb4+ 54. Kg3 Rb3+ 55. Kf4 Ra3 56. Rc7 Ra4+ 57. Kg3 Kg7 58. Ra7 a5 59. h5 Ra1 60. hxg6 Kxg6 61. Ra8 a4 62. Ra6+ Kg7 63. Kg2 a3 64. g5 a2 65. Kh2 Kf8 66. Kg2 Ke7 67. Kh2 Kd7 68. Kg2 Kc7 69. g6 fxg6 70. Ra8 Kd7 71. Ra6 Ke7 72. Kh2 Kf7 73. Kg2 Kg7 74. Kh2 Kh6 75. Ra5 g5 76. Kg2 Kh5 77. Ra4 1/2-1/2


[Site "http://www.Chess.com"]

[Event "FIDE World Rapid Chess Championship 2021"]
[White "Vastrukhin, Oleg"]
[Black "Movsesian, Sergei"]
[WhiteFideId "4192770"]
[BlackFideId "310204"]
[WhiteElo "2382"]
[BlackElo "2667"]
[Result "1/2-1/2"]
[Round "03"]
[TimeControl "900+10"]
[Date "2021.12.26"]
[WhiteClock "0:06:54"]
[BlackClock "0:05:31"]

1. Nf3 d5 2. g3 c6 3. Bg2 Bg4 4. Ne5 Bh5 5. d4 Nd7 6. O-O e6 7. c4 Ngf6 8. Nc3 Be7 9. Qb3 Qb6 10. Nxd7 Nxd7 11. e4 dxe4 12. Nxe4 O-O 13. Be3 Rfd8 14. h3 Nf6 15. Nc5 Bxc5 16. dxc5 Qc7 17. Qc3 e5 18. b4 h6 19. a4 Bg6 20. Rfd1 Ne4 21. Qb2 f5 22. f4 Rxd1+ 23. Rxd1 Rd8 24. Rxd8+ Qxd8 25. Qxe5 Qd1+ 26. Kh2 Qe1 27. Bxe4 fxe4 28. Bd4 Qe2+ 29. Kg1 Qd1+ 30. Kh2 Qe2+ 31. Kg1 1/2-1/2


[Site "http://www.Chess.com"]

[Event "FIDE World Rapid Chess Championship 2021"]
[White "Firouzja, Alireza"]
[Black "Jakubowski, Krzysztof"]
[WhiteFideId "12573981"]
[BlackFideId "1112848"]
[WhiteElo "2656"]
[BlackElo "2399"]
[Result "1-0"]
[Round "03"]
[TimeControl "900+10"]
[Date "2021.12.26"]
[WhiteClock "0:00:50"]
[BlackClock "0:00:15"]

1. d4 d5 2. Nf3 Nf6 3. Bf4 e6 4. e3 Bd6 5. Bg3 b6 6. c3 O-O 7. Nbd2 Bb7 8. Bd3 Ne4 9. Qc2 f5 10. O-O Nd7 11. c4 Nxg3 12. hxg3 c6 13. Rac1 Qe7 14. Qa4 a6 15. Qb3 Rab8 16. cxd5 cxd5 17. a4 g5 18. Nb1 g4 19. Nh4 Qg5 20. Rfe1 Rfc8 21. Nc3 Qd8 22. e4 fxe4 23. Bxe4 Qf6 24. Bb1 Rc4 25. Ne4 Qh6 26. Rxc4 dxc4 27. Qxc4 Bd5 28. Qe2 Bb4 29. Qxg4+ Kh8 30. Rf1 Rf8 31. Qe2 Rg8 32. Qxa6 Nf6 33. Qe2 Nh5 34. Nc3 1-0


[Site "http://www.Chess.com"]

[Event "FIDE World Rapid Chess Championship 2021"]
[White "Niemann, Hans Moke"]
[Black "Matlakov, Maxim"]
[WhiteFideId "2093596"]
[BlackFideId "4168003"]
[WhiteElo "2327"]
[BlackElo "2652"]
[Result "1/2-1/2"]
[Round "03"]
[TimeControl "900+10"]
[Date "2021.12.26"]
[WhiteClock "0:13:56"]
[BlackClock "0:07:51"]

1. e4 e5 2. Nf3 Nc6 3. Bb5 a6 4. Ba4 Nf6 5. O-O Nxe4 6. d4 b5 7. Bb3 d5 8. dxe5 Be6 9. c3 Be7 10. Nbd2 O-O 11. Bc2 f5 12. Nb3 Qd7 13. Nbd4 Nxd4 14. Nxd4 c5 15. Nxe6 Qxe6 16. f3 Ng5 17. Re1 Rad8 18. Be3 Qc6 19. a4 Ne6 20. axb5 axb5 21. Bf2 c4 22. Qd2 d4 23. cxd4 Nxd4 24. Bxd4 Rxd4 25. Qe2 g6 26. Kh1 Rfd8 27. Rad1 b4 28. Rxd4 Rxd4 29. b3 c3 30. Rd1 Qd5 31. Rxd4 Qxd4 32. g3 Kg7 33. f4 Bc5 34. Kg2 h5 35. Kh3 Qd2 1/2-1/2


[Site "http://www.Chess.com"]

[Event "FIDE World Rapid Chess Championship 2021"]
[White "Kosakowski, Jakub"]
[Black "Anton Guijarro, David"]
[WhiteFideId "1185080"]
[BlackFideId "2285525"]
[WhiteElo "2304"]
[BlackElo "2627"]
[Result "1/2-1/2"]
[Round "03"]
[TimeControl "900+10"]
[Date "2021.12.26"]
[WhiteClock "0:00:39"]
[BlackClock "0:00:18"]

1. e4 c6 2. d4 d5 3. Nc3 dxe4 4. Nxe4 Nf6 5. Qd3 Nbd7 6. Nf3 Nxe4 7. Qxe4 Nf6 8. Qd3 g6 9. Be2 Bg7 10. O-O O-O 11. Re1 a5 12. Bf1 Bf5 13. Qb3 Qc7 14. a4 Nd5 15. Bg5 Bf6 16. Bd2 Nb4 17. Bxb4 axb4 18. Bd3 Bxd3 19. Qxd3 c5 20. Qc4 Rfc8 21. Ne5 cxd4 22. Qxf7+ Kh8 23. Ng4 Qc4 24. Rxe7 Bxe7 25. Qxe7 Qc7 26. Qxb4 Qg7 27. h3 Rxc2 28. Re1 Rc7 29. Qd6 Rd7 30. Qe6 Rf8 31. Ne5 Rdd8 32. Nd3 Qf7 33. Qe5+ Kg8 34. Qc5 Qd5 35. Qc7 Rde8 36. Re7 Rxe7 37. Qxe7 Qf5 38. Qa3 Qe4 39. a5 Rf7 40. Qb3 Kg7 41. Qc4 Rf5 42. a6 bxa6 43. Qxa6 Rg5 44. g3 Rf5 45. Nf4 Qb1+ 46. Kg2 Qxb2 47. Qa7+ Kh6 48. Qe7 Qb5 49. Qh4+ Kg7 50. Qe7+ Kh6 51. Qh4+ Kg7 52. Qe7+ Kh6 53. Qh4+ Kg7 54. Qe7+ 1/2-1/2


[Site "http://www.Chess.com"]

[Event "FIDE World Rapid Chess Championship 2021"]
[White "Cheparinov, Ivan"]
[Black "Petrovskyi, Vadym"]
[WhiteFideId "2905540"]
[BlackFideId "14165210"]
[WhiteElo "2621"]
[BlackElo "2282"]
[Result "1-0"]
[Round "03"]
[TimeControl "900+10"]
[Date "2021.12.26"]
[WhiteClock "0:07:18"]
[BlackClock "0:00:45"]

1. d4 Nf6 2. c4 g6 3. Nc3 Bg7 4. e4 d6 5. Nf3 O-O 6. Be2 e5 7. O-O Nc6 8. d5 Ne7 9. b4 a5 10. bxa5 Rxa5 11. a4 b6 12. Nd2 Ne8 13. Nb3 Ra8 14. a5 bxa5 15. Nxa5 Bd7 16. c5 dxc5 17. Nb7 Qc8 18. Rxa8 Qxa8 19. Nxc5 Bc8 20. Bg5 f6 21. Be3 Nd6 22. Qa1 Qxa1 23. Rxa1 c6 24. Ne6 cxd5 25. Nxf8 d4 26. Nb5 Nxb5 27. Bxb5 dxe3 28. Nd7 exf2+ 29. Kxf2 Bxd7 30. Bxd7 Kf7 31. g4 Bf8 32. Ra6 Bh6 33. h4 Bd2 34. h5 Bg5 35. Kf3 Kg7 36. Ra7 Kf8 37. Ra6 Kg7 38. Be6 Kf8 39. Ke2 Kg7 40. Kf2 Kh6 41. Ra7 f5 42. hxg6 fxe4 43. gxh7 e3+ 44. Kf3 Kxh7 45. Bc4 Kg7 46. Ke4 Kf6 47. Ra6+ Kg7 48. Kxe5 Kh7 49. Ke6 Kg7 50. Ra7 Kf8 51. Ra5 Bh4 52. Re5 Nc6 53. Rxe3 Bg5 54. Rd3 1-0


[Site "http://www.Chess.com"]

[Event "FIDE World Rapid Chess Championship 2021"]
[White "Samunenkov, Ihor"]
[Black "Vachier-Lagrave, Maxime"]
[WhiteFideId "14187086"]
[BlackFideId "623539"]
[WhiteElo "2259"]
[BlackElo "2773"]
[Result "0-1"]
[Round "03"]
[TimeControl "900+10"]
[Date "2021.12.26"]
[WhiteClock "0:00:11"]
[BlackClock "0:05:03"]

1. d4 Nf6 2. g3 d5 3. Nf3 c6 4. c4 dxc4 5. Bg2 Nbd7 6. O-O g6 7. a4 a5 8. Qc2 Nb6 9. e4 Bg7 10. h3 O-O 11. Be3 h6 12. Na3 Be6 13. Ne5 Ne8 14. Naxc4 Nxc4 15. Nxc4 Nd6 16. Ne5 Kh7 17. f4 f5 18. exf5 Bxf5 19. Qb3 Rf6 20. d5 cxd5 21. Qxd5 Be6 22. Qf3 Rc8 23. Rac1 Rf8 24. Qe2 Bxe5 25. Rxc8 Qxc8 26. fxe5 Rxf1+ 27. Qxf1 Nc4 28. Qf4 g5 29. Qf3 Nxe3 30. Qxe3 Kg7 31. Kh2 Qc2 32. Qd4 b6 33. h4 Qc5 34. Qxc5 bxc5 35. hxg5 hxg5 36. Bc6 Kg6 37. Be4+ Bf5 38. Bc6 Kf7 39. Bd5+ Be6 40. Bc6 Bc8 41. Bd5+ Kg6 42. Be4+ Bf5 43. Bc6 g4 44. Kg1 Bc2 45. Bd7 Kg5 46. Kf2 Bb3 47. Ke3 e6 48. Bc6 Kf5 49. Bb5 Kxe5 50. Bc6 Bd5 51. Bb5 Bf3 52. Bc4 Bc6 53. Bb3 Bf3 54. Bc4 Kf6 55. Bb5 e5 56. Kd3 Ke6 57. Bc4+ Bd5 58. Bb5 Kd6 59. Ke3 c4 60. Kd2 Be6 61. Kc3 Kc5 62. Be8 e4 63. Bg6 e3 64. Be4 Bd5 65. Bf5 Bf3 66. Be6 Bd1 67. Bd7 e2 68. Kd2 Kb4 69. Ke1 Kb3 70. Be6 Kxb2 71. Bxc4 Bxa4 72. Be6 Bb3 73. Bxg4 a4 0-1


[Site "http://www.Chess.com"]

[Event "FIDE World Rapid Chess Championship 2021"]
[White "Salem, A.R. Saleh"]
[Black "Tari, Aryan"]
[WhiteFideId "9301348"]
[BlackFideId "1510045"]
[WhiteElo "2729"]
[BlackElo "2542"]
[Result "1-0"]
[Round "03"]
[TimeControl "900+10"]
[Date "2021.12.26"]
[WhiteClock "0:04:32"]
[BlackClock "0:01:09"]

1. d4 d5 2. c4 e6 3. Nc3 c5 4. cxd5 cxd4 5. Qa4+ Bd7 6. Qxd4 exd5 7. Qxd5 Nf6 8. Qd1 Bc5 9. Nf3 O-O 10. e3 Qe7 11. Be2 Nc6 12. O-O Ne5 13. Bd2 Rad8 14. Nd4 Nc6 15. Nf3 Ne5 16. Qc2 b5 17. a3 Bd6 18. Nd4 a6 19. Nf5 Bxf5 20. Qxf5 Bxa3 21. Bc1 Bd6 22. Rxa6 b4 23. Nb5 Bb8 24. Nd4 Rd5 25. Qh3 Ne4 26. f4 Nd7 27. Nf5 Qc5 28. Rc6 Qa5 29. Ne7+ Kh8 30. Ra6 Qc5 31. Nxd5 Qxd5 32. Rd1 1-0


[Site "http://www.Chess.com"]

[Event "FIDE World Rapid Chess Championship 2021"]
[White "Fedoseev, Vladimir"]
[Black "Donchenko, Alexander"]
[WhiteFideId "24130737"]
[BlackFideId "24603295"]
[WhiteElo "2692"]
[BlackElo "2535"]
[Result "1-0"]
[Round "03"]
[TimeControl "900+10"]
[Date "2021.12.26"]
[WhiteClock "0:03:52"]
[BlackClock "0:00:45"]

1. d4 Nf6 2. c4 e6 3. Nf3 d5 4. g3 Bb4+ 5. Bd2 Bd6 6. Bg2 O-O 7. Bc3 b6 8. Nbd2 Bb7 9. Ne5 Qc8 10. O-O dxc4 11. Nexc4 Bxg2 12. Kxg2 Qb7+ 13. f3 b5 14. Na5 Qa6 15. Ndb3 Re8 16. e4 b4 17. Be1 e5 18. d5 Nbd7 19. Qc2 Nc5 20. Bf2 Nfd7 21. Rfd1 Rf8 22. Nc6 Qb5 23. Nxc5 Nxc5 24. Bxc5 Bxc5 25. Nxe5 f5 26. Rac1 Be3 27. Rb1 fxe4 28. Qxe4 Bb6 29. Qc4 Qe8 30. Re1 Kh8 31. Qxb4 Rd8 32. Rbd1 Qh5 33. Qg4 Qh6 34. f4 Rf6 35. h4 Kg8 36. Qf3 Rfd6 37. Nc4 R6d7 38. Re6 g6 39. Qe4 Qf8 40. Ne5 Rd6 41. Nc6 Ra8 42. Ne7+ Kh8 43. f5 Rxe6 44. dxe6 Re8 45. Qe5+ Qg7 46. f6 1-0


[Site "http://www.Chess.com"]

[Event "FIDE World Rapid Chess Championship 2021"]
[White "Saric, Ivan"]
[Black "Mastrovasilis, Dimitrios"]
[WhiteFideId "14508150"]
[BlackFideId "4202694"]
[WhiteElo "2684"]
[BlackElo "2534"]
[Result "1/2-1/2"]
[Round "03"]
[TimeControl "900+10"]
[Date "2021.12.26"]
[WhiteClock "0:00:00"]
[BlackClock "0:00:32"]

1. e4 e5 2. Nf3 Nc6 3. Bb5 Nf6 4. d3 Bc5 5. c3 O-O 6. O-O Re8 7. Bg5 a6 8. Ba4 h6 9. Bh4 Be7 10. Bg3 d6 11. Nbd2 Bf8 12. h3 b5 13. Bc2 Bb7 14. Re1 g6 15. a4 Bg7 16. b4 Nh5 17. Bb3 Qd7 18. Bh2 Kh7 19. Nf1 Nd8 20. Ne3 Ne6 21. Nd5 Rad8 22. axb5 axb5 23. Ra7 c6 24. g4 cxd5 25. gxh5 dxe4 26. hxg6+ fxg6 27. dxe4 Qc8 28. Bd5 Bxd5 29. exd5 Nf8 30. Qd3 Rd7 31. Rxd7 Nxd7 32. Nh4 Nf8 33. Re4 Bf6 34. Qxb5 Re7 35. Qd3 Rc7 36. c4 Bxh4 37. Rxh4 Qf5 38. Qe3 Qb1+ 39. Kg2 g5 40. Qe4+ Qxe4+ 41. Rxe4 Nd7 42. c5 dxc5 43. Bxe5 Nxe5 44. d6 Rc8 45. Rxe5 cxb4 46. Rb5 Rd8 47. Rb6 b3 48. Kf3 b2 49. Rxb2 Rxd6 50. Ke4 1/2-1/2


[Site "http://www.Chess.com"]

[Event "FIDE World Rapid Chess Championship 2021"]
[White "Demchenko, Anton"]
[Black "Klekowski, Maciej"]
[WhiteFideId "4160258"]
[BlackFideId "1132717"]
[WhiteElo "2666"]
[BlackElo "2528"]
[Result "1-0"]
[Round "03"]
[TimeControl "900+10"]
[Date "2021.12.26"]
[WhiteClock "0:00:43"]
[BlackClock "0:00:07"]

1. e4 c5 2. Nf3 Nc6 3. Bb5 g6 4. O-O Bg7 5. d3 e5 6. a3 Nge7 7. b4 b6 8. bxc5 bxc5 9. Bg5 Qa5 10. Bxc6 Nxc6 11. Nfd2 h6 12. Nc4 Qc7 13. Be3 Nd4 14. Nc3 O-O 15. Qd2 Kh7 16. f4 d6 17. Bxd4 cxd4 18. Nb5 Qc6 19. Nbxd6 exf4 20. Nxc8 Raxc8 21. Rxf4 Qe6 22. Raf1 Rc7 23. Qa5 Rd7 24. g3 Rc8 25. Qd2 Rb8 26. Kg2 h5 27. R4f2 Rb5 28. h3 Rc5 29. Qe2 Rb7 30. Qf3 Kg8 31. Re2 Rbc7 32. Rb1 Be5 33. Rb4 Kg7 34. Qf2 Rxc4 35. Rxc4 Rxc4 36. dxc4 Qxc4 37. Qf3 a5 38. Qd3 Qc6 39. Re1 h4 40. gxh4 Qf6 41. Rf1 Qxh4 42. Qf3 Qe7 43. a4 Qg5+ 44. Kh1 Qe7 45. Rf2 Qc7 46. Kg2 Qe7 47. h4 Kh6 48. Qxf7 Qxh4 49. Qf8+ Kh5 50. Qf3+ Kg5 51. Kf1 Kh6 52. Ke2 Bd6 53. Kd3 Qe7 54. Qf6 Qc7 55. Qh8+ Kg5 56. Rg2+ Bg3 57. Qxd4 Kh4 58. e5+ Kh3 59. Re2 g5 60. e6 Qe7 61. c3 g4 62. Qd5 Kh4 63. Qd7 Qf6 64. Qf7 Qd8+ 65. Kc2 Qd5 66. Qh7+ Kg5 67. Qg7+ Kh5 68. Kb2 Qc4 69. Qh7+ Kg5 70. Qe4 1-0


[Site "http://www.Chess.com"]

[Event "FIDE World Rapid Chess Championship 2021"]
[White "Murzin, Volodar"]
[Black "Smirin, Ilia"]
[WhiteFideId "44155573"]
[BlackFideId "2801990"]
[WhiteElo "2523"]
[BlackElo "2663"]
[Result "1/2-1/2"]
[Round "03"]
[TimeControl "900+10"]
[Date "2021.12.26"]
[WhiteClock "0:00:45"]
[BlackClock "0:00:56"]

1. e4 c5 2. Nf3 e6 3. g3 d5 4. exd5 exd5 5. d4 Nc6 6. Bg2 Nf6 7. O-O Be7 8. dxc5 Bxc5 9. Nc3 O-O 10. Bg5 d4 11. Ne4 Be7 12. Bxf6 Bxf6 13. Ne1 Be7 14. Nd3 Qb6 15. Re1 Bf5 16. Qf3 Bg6 17. h4 Nb4 18. h5 Nxd3 19. cxd3 Bxe4 20. Qxe4 Bf6 21. Qxb7 Qxb7 22. Bxb7 Rab8 23. Bd5 Rxb2 24. Rab1 Rbb8 25. Rec1 Rbd8 26. Rb5 Rd7 27. Rc6 Rfd8 28. Bc4 h6 29. a4 Kf8 30. a5 Re7 31. a6 Be5 32. Kg2 Bc7 33. Bd5 Bb6 34. Rcxb6 axb6 35. Bb7 Re1 36. Rxb6 Ra1 37. Bc6 Rd6 38. Rb8+ Ke7 39. Rb7+ Kf8 40. Bb5 Rdxa6 41. Bxa6 Rxa6 42. Rd7 Ra5 43. g4 f5 44. f3 fxg4 45. fxg4 Rg5 46. Kh3 g6 47. hxg6 Rxg6 48. Kh4 Rg5 49. Rxd4 Ke7 50. Rf4 Rd5 51. d4 Ke6 52. Rf8 Rxd4 53. Kh5 Ke7 54. Rh8 Kf7 55. Rxh6 Rd5+ 56. g5 1/2-1/2


[Site "http://www.Chess.com"]

[Event "FIDE World Rapid Chess Championship 2021"]
[White "Petrosyan, Manuel"]
[Black "Kovalev, Vladislav"]
[WhiteFideId "13300857"]
[BlackFideId "13504398"]
[WhiteElo "2514"]
[BlackElo "2647"]
[Result "1-0"]
[Round "03"]
[TimeControl "900+10"]
[Date "2021.12.26"]
[WhiteClock "0:00:30"]
[BlackClock "0:00:00"]

1. d4 Nf6 2. Nf3 e6 3. c4 Bb4+ 4. Bd2 Bxd2+ 5. Qxd2 b6 6. g3 Bb7 7. Bg2 O-O 8. O-O d6 9. Nc3 Ne4 10. Nxe4 Bxe4 11. Qf4 f5 12. Rfd1 Qe7 13. c5 Nd7 14. cxd6 cxd6 15. Rac1 Nf6 16. Qe3 Rac8 17. Qa3 Rc7 18. Ng5 Bxg2 19. Kxg2 Rfc8 20. Rxc7 Rxc7 21. Qe3 Nd5 22. Qd2 h6 23. Nf3 Qe8 24. Rc1 Qc8 25. Rxc7 Qxc7 26. Qd3 Kf7 27. e4 fxe4 28. Qxe4 Qc6 29. h4 Ne7 30. Qxc6 Nxc6 31. Kf1 Kf6 32. Ke2 Kf5 33. Ke3 Nb4 34. a3 Nd5+ 35. Kd3 Kg4 36. Nd2 Nf6 37. Ke2 d5 38. Nf3 Kh3 39. Ne5 Kg2 40. Ng6 Ne4 41. Nf4+ Kg1 42. Nxe6 Nxf2 43. Nxg7 Kg2 44. Nf5 Ng4 45. h5 Nf6 46. Ke3 Nxh5 47. g4 Ng7 48. Nxg7 1-0


[Site "http://www.Chess.com"]

[Event "FIDE World Rapid Chess Championship 2021"]
[White "Faizrakhmanov, Ramil"]
[Black "Sjugirov, Sanan"]
[WhiteFideId "24103209"]
[BlackFideId "4189302"]
[WhiteElo "2461"]
[BlackElo "2634"]
[Result "1/2-1/2"]
[Round "03"]
[TimeControl "900+10"]
[Date "2021.12.26"]
[WhiteClock "0:01:25"]
[BlackClock "0:00:17"]

1. d4 d5 2. c4 e6 3. Nf3 Nf6 4. Nc3 Nbd7 5. Bf4 Bb4 6. e3 Ne4 7. Qc2 g5 8. Be5 Rg8 9. Bd3 f5 10. cxd5 exd5 11. a3 Bxc3+ 12. bxc3 g4 13. Nd2 Nxe5 14. dxe5 Qe7 15. O-O Qxe5 16. c4 Nxd2 17. Qxd2 Be6 18. Qa5 b6 19. Qb5+ Kf7 20. cxd5 Qxd5 21. Qxd5 Bxd5 22. Bxf5 h5 23. e4 Be6 24. f3 gxf3 25. Rxf3 Ke7 26. Bxe6 Kxe6 27. Raf1 Rg5 28. Rf6+ Ke5 29. Rc6 Rag8 30. g3 R8g7 31. Rfc1 h4 32. Rxc7 hxg3 33. Rxg7 gxh2+ 34. Kxh2 Rxg7 35. Rc4 Rd7 36. Ra4 a5 37. Kg3 Rd3+ 38. Kf2 Rd4 39. Rxd4 Kxd4 40. Kf3 b5 41. Kf4 b4 42. axb4 a4 43. e5 Kd5 44. b5 a3 45. b6 Kc6 46. e6 a2 47. e7 Kd7 48. b7 Kxe7 49. Ke4 1/2-1/2


[Site "http://www.Chess.com"]